Map: Snowy Mesa

Players

neulaender - Winner!

  • Race: Zerg Zerg

Baumdoktor - Winner!

  • Race: Protoss Protoss

Andras

  • Race: Protoss Protoss

Juhuu

  • Race: Terran Terran

VOD

Have the link to the VOD?

Description

Time

  • Played on: Oct. 21, 2016, 4:14 p.m.
  • Length: 25:36
Show
View Real Time Build Order
Export as new Build Order

neulaender Zerg - Winner!

Build Orders: Pool First 

Get SALT Encoding   

  12  0:01  Drone  
  13  0:08  Drone  
  14  0:18  Overlord  
  14  0:35  Spawning Pool  
  13  0:37  Drone  
  13  0:42  Extractor, Drone  
  14  0:47  Drone  
  15  0:51  Drone  
  16  1:03  Drone  
  17  1:11  Drone  
  18  1:21  Drone  
  19  1:29  Queen  
  19  1:32  Zergling x2  
  22  1:45  Overlord  
  22  1:47  Metabolic Boost  
  22  2:00  Unknown, Hatchery  
  21  2:07  Zergling x4  
  23  2:17  Drone  
  23  2:18  Evolution Chamber  
  23  2:25  Drone  
  24  2:35  Drone  
  25  2:41  Zergling x6  
  28  2:46  Zerg Ground Armor Level 1  
  28  2:48  Zergling x2  
  29  3:05  Zergling x2  
  30  3:11  Overlord  
  30  3:12  Unknown  
  30  3:16  Drone  
  30  3:17  Queen  
  30  3:19  Overlord  
  33  3:20  Zergling x2  
  33  3:23  Zergling x2  
  33  3:44  Baneling Nest  
  33  3:48  Drone x3  
  34  3:49  Drone  
  34  3:50  Drone  
  37  3:59  Lair  
  37  4:10  Evolution Chamber  
  37  4:14  Drone x3  
  37  4:15  Drone x2  
  41  4:29  Drone x3  
  44  4:37  Baneling x2  
  44  4:38  Baneling  
  44  4:40  Zerg Melee Weapons Level 1  
  44  4:47  Extractor  
  44  4:48  Drone x5  
  48  4:59  Baneling  
  48  5:00  Baneling  
  48  5:09  Baneling  
  48  5:11  Zergling x2  
  48  5:12  Zergling x6  
  52  5:14  Overlord x3  
  52  5:30  Baneling  
  52  5:31  Baneling x2  
  52  5:34  Zergling x12  
  58  5:40  Zergling x2  
  59  5:51  Extractor  
  59  5:52  Extractor  
  59  5:55  Drone x3  
  60  5:58  Zerg Missile Weapons Level 1  
  60  6:02  Roach Warren  
  59  6:04  Overseer  
  59  6:05  Unknown, Hatchery  
  58  6:15  Baneling x3  
  58  6:40  Centrifical Hooks  
  58  6:44  Drone x2  
  60  6:48  Drone x9  
  69  7:08  Glial Reconstitution  
  69  7:17  Queen, Unknown  
  71  7:28  Drone x2  
  73  7:31  Extractor  
  73  7:33  Extractor  
  73  7:34  Hydralisk Den  
  70  7:38  Drone  
  70  7:39  Drone x2  
  70  7:40  Overlord, Drone x3  
  70  7:41  Overlord x2  
  70  7:42  Zergling x2  
  70  7:43  Zergling x6  
  66  8:03  Zergling x2  
  66  8:04  Roach x6  
  76  8:15  Roach  
  76  8:16  Roach x4  
  86  8:26  Drone  
  87  8:29  Zerg Missile Weapons Level 2  
  87  8:32  Zergling x2  
  87  8:33  Zergling x8  
  92  8:39  Queen  
  92  8:40  Queen  
  94  8:43  Muscular Augments  
  89  8:50  Roach  
  89  8:51  Roach x6, Zergling x4  
  105  8:56  Drone  
  105  8:58  Overlord x3  
  106  9:16  Nydus Network  
  105  9:18  Unknown, Hatchery  
  101  9:40  Spore Crawler  
  101  9:45  Overseer  
  100  9:48  Overseer  
  100  10:00  Overseer  
  100  10:07  Pneumatized Carapace  
  98  10:29  Unknown  
  98  10:31  Queen  
  98  10:32  Drone  
  101  10:45  Zergling x2  
  101  10:46  Zergling x30  
  101  10:47  Zergling x18  
  126  10:55  Nydus Canal  
  126  11:01  Roach x4  
  113  11:45  Zerg Ground Armor Level 2, Zerg Melee Weapons Level 2  
  109  11:47  Roach x6  
  109  11:48  Roach x6  
  110  12:02  Drone  
  110  12:05  Spine Crawler  
  110  12:08  Spine Crawler  
  109  12:19  Overseer x4  
  93  12:39  Roach x14  
  121  12:45  Spore Crawler  
  121  12:46  Spore Crawler  
  121  12:47  Spine Crawler  
  121  12:48  Spine Crawler  
  121  12:49  Spine Crawler  
  103  12:55  Zergling x6  
  102  13:02  Lair  
  102  13:11  Drone  
  101  13:21  Roach  
  101  13:22  Roach x7  
  116  13:45  Unknown, Hatchery  
  116  13:46  Hydralisk x4  
  123  14:06  Overlord  
  123  14:07  Overlord x5  
  123  14:21  Lair  
  123  14:26  Unknown, Hatchery  
  114  14:36  Roach x5  
  86  14:56  Unknown  
  86  14:57  Zergling x4  
  86  14:58  Zergling x10  
  91  15:06  Hydralisk x2  
  96  15:14  Drone x2  
  96  15:18  Spore Crawler  
  96  15:20  Spine Crawler  
  94  15:23  Spore Crawler  
  94  15:24  Spine Crawler, Spore Crawler  
  94  15:25  Spine Crawler  
  94  15:26  Drone  
  94  15:27  Drone  
  92  15:52  Spawning Pool  
  92  15:55  Spire  
  92  15:56  Drone x2  
  92  15:57  Drone  
  93  16:05  Unknown, Hatchery  
  92  16:26  Hydralisk Den  
  91  16:57  Zergling x12  
  97  17:06  Hydralisk x5  
  97  17:07  Hydralisk x3  
  113  17:16  Unknown  
  94  17:35  Zergling x6  
  94  17:36  Zergling x20  
  90  18:05  Lurker Den  
  90  18:08  Drone x8  
  98  18:25  Hydralisk x7  
  112  18:31  Queen  
  112  18:33  Drone  
  115  18:50  Mutalisk x5  
  115  18:51  Mutalisk x2  
  115  18:54  Mutalisk  
  131  18:57  Mutalisk  
  133  19:15  Mutalisk x9  
  151  19:29  Extractor  
  150  19:37  Unknown, Hatchery  
  149  19:46  Mutalisk  
  149  19:47  Mutalisk x5  
  149  19:52  Overlord  
  161  19:53  Overlord x2  
  145  20:49  Unknown  
  110  21:06  Zerg Flyer Weapons Level 1  
  110  21:08  Queen  
  110  21:09  Drone x2  
  110  21:10  Overlord x2  
  110  21:11  Overlord  
  112  21:12  Mutalisk x3  
  112  21:15  Zergling x2  
  112  21:16  Zergling x8  
  121  21:51  Drone x3  
  116  22:39  Mutalisk x2  
  116  22:42  Zergling x20  
  116  22:43  Zergling x10  
  117  23:06  Extractor  
  117  23:07  Extractor  
  109  23:33  Extractor  
  108  23:38  Zergling x18  
  108  23:39  Zergling x12  
  123  23:57  Infestation Pit  
  88  24:46  Zergling x2  
  88  24:47  Zergling x36  
  88  24:50  Overseer  
  107  25:02  Zergling x2  
  107  25:03  Zergling x2  
  107  25:04  Zergling x2  
  107  25:05  Zergling x2  
  111  25:17  Overseer x2  
Show
View Real Time Build Order
Export as new Build Order

Baumdoktor Protoss - Winner!

Build Orders: 1 Gate Expand 

Get SALT Encoding   

  12  0:02  Probe (Chrono Boost)  
  13  0:12  Probe (Chrono Boost)  
  14  0:19  Pylon  
  14  0:23  Probe (Chrono Boost)  
  15  0:37  Probe (Chrono Boost)  
  15  0:41  Gateway  
  16  0:47  Probe (Chrono Boost)  
  17  1:12  Nexus, Unknown  
  17  1:27  Probe (Chrono Boost)  
  17  1:32  Cybernetics Core  
  18  1:35  Assimilator  
  18  1:38  Probe (Chrono Boost)  
  19  1:40  Assimilator  
  19  1:46  Pylon  
  19  1:54  Pylon  
  19  1:55  Probe (Chrono Boost)  
  20  2:05  Probe (Chrono Boost)  
  21  2:13  Warp Gate  
  21  2:16  Probe (Chrono Boost)  
  21  2:22  Stalker  
  24  2:24  Unknown  
  24  2:27  Probe (Chrono Boost)  
  25  2:33  Probe (Chrono Boost)  
  26  2:38  Probe (Chrono Boost)  
  26  2:43  Probe (Chrono Boost)  
  28  2:46  Gateway  
  28  2:48  Probe (Chrono Boost)  
  29  2:54  Probe (Chrono Boost)  
  29  2:55  Twilight Council  
  30  3:03  Gateway  
  30  3:11  Probe (Chrono Boost)  
  31  3:13  Pylon  
  32  3:20  Probe (Chrono Boost)  
  32  3:21  Probe (Chrono Boost)  
  33  3:30  Probe (Chrono Boost), Gateway  
  33  3:31  Gateway  
  34  3:40  Gateway  
  34  3:41  Probe (Chrono Boost)  
  35  3:48  Pylon  
  36  3:55  Probe (Chrono Boost)  
  36  3:59  Probe (Chrono Boost)  
  37  4:05  Assimilator  
  37  4:06  Probe (Chrono Boost)  
  39  4:10  Probe (Chrono Boost)  
  39  4:16  Probe (Chrono Boost)  
  40  4:20  Probe (Chrono Boost)  
  41  4:25  Charge  
  41  4:36  Pylon  
  41  4:41  Stalker x2  
  41  4:42  Stalker x2, Pylon  
  41  4:43  Stalker  
  51  4:54  Stalker  
  53  5:07  Forge  
  53  5:08  Probe (Chrono Boost)  
  53  5:13  Probe (Chrono Boost)  
  55  5:18  Assimilator  
  55  5:19  Probe (Chrono Boost), Stalker x2  
  55  5:20  Stalker  
  62  5:22  Zealot  
  62  5:23  Probe (Chrono Boost)  
  65  5:29  Probe (Chrono Boost)  
  65  5:34  Probe (Chrono Boost)  
  67  5:40  Nexus, Unknown  
  67  5:44  Pylon  
  67  5:50  Blink  
  67  6:17  Zealot x4  
  67  6:18  Zealot x2  
  79  6:37  Protoss Ground Weapons Level 1  
  77  6:51  Unknown  
  77  7:00  Stalker x2  
  77  7:01  Stalker x3  
  87  7:30  Stalker  
  87  7:31  Stalker x2  
  87  7:36  Zealot  
  87  7:37  Zealot x2  
  97  8:18  Protoss Shields Level 1  
  89  8:28  Stalker x3  
  89  8:29  Stalker x3  
  102  8:34  Probe (Chrono Boost)  
  102  8:39  Assimilator  
  102  8:43  Assimilator  
  102  8:44  Probe (Chrono Boost)  
  103  8:55  Probe (Chrono Boost)  
  104  8:59  Probe (Chrono Boost)  
  105  9:05  Probe (Chrono Boost)  
  107  9:11  Probe (Chrono Boost)  
  107  9:15  Robotics Facility  
  107  9:16  Probe (Chrono Boost)  
  108  9:23  Probe (Chrono Boost)  
  109  9:27  Dark Shrine  
  108  9:35  Probe (Chrono Boost)  
  92  9:47  Probe (Chrono Boost)  
  82  10:00  Observer  
  82  10:12  Protoss Ground Armor Level 1  
  79  10:55  Nexus, Unknown  
  79  10:59  Pylon  
  79  11:02  Pylon  
  79  11:05  Pylon  
  79  11:15  Observer  
  80  11:36  Stalker  
  80  11:37  Stalker x5  
  70  12:06  Protoss Ground Weapons Level 2  
  70  12:07  Unknown  
  70  12:12  Observer  
  65  12:18  Stalker x4  
  65  12:19  Stalker x2  
  52  12:30  Observer  
  34  13:03  Probe x2 (Chrono Boost)  
  36  13:07  Stalker  
  36  13:08  Stalker x5  
  46  13:14  Nexus, Unknown  
  46  13:15  Probe x2 (Chrono Boost)  
  46  13:18  Photon Cannon  
  38  13:21  Photon Cannon  
  40  13:27  Probe x2 (Chrono Boost)  
  40  13:35  Photon Cannon  
  40  13:36  Photon Cannon  
  40  13:39  Probe x2 (Chrono Boost)  
  40  13:40  Photon Cannon  
  26  13:51  Probe x2 (Chrono Boost)  
  30  14:03  Probe (Chrono Boost)  
  30  14:15  Probe (Chrono Boost)  
  30  14:25  Unknown  
  30  14:38  Stalker x3  
  36  15:11  Probe (Chrono Boost)  
  37  15:16  Probe (Chrono Boost)  
  38  15:23  Probe (Chrono Boost)  
  38  15:25  Nexus, Unknown  
  38  15:26  Probe (Chrono Boost)  
  40  15:29  Pylon  
  40  15:32  Pylon  
  41  15:35  Probe (Chrono Boost)  
  41  15:37  Probe (Chrono Boost)  
  42  15:47  Probe x2 (Chrono Boost)  
  44  15:50  Photon Cannon  
  44  15:51  Photon Cannon  
  44  15:57  Assimilator  
  44  15:59  Assimilator  
  44  16:00  Probe (Chrono Boost)  
  44  16:03  Probe (Chrono Boost)  
  46  16:14  Probe (Chrono Boost)  
  47  16:25  Probe (Chrono Boost)  
  48  16:35  Probe (Chrono Boost)  
  48  16:37  Unknown  
  47  17:20  Stalker  
  47  17:21  Stalker x2  
  47  17:22  Stalker x3  
  47  17:37  Pylon  
  47  17:38  Pylon  
  47  17:41  Pylon  
  47  17:46  Pylon  
  47  17:55  Protoss Ground Weapons Level 3  
  47  18:00  Adept x5  
  55  18:28  Stalker x2  
  55  18:29  Stalker x4  
  67  19:03  Stargate  
  67  19:29  Stalker  
  67  19:30  Stalker x5  
  79  20:32  Protoss Ground Armor Level 2  
  79  20:38  Pylon  
  79  20:39  Pylon  
  79  20:40  Zealot x5  
  89  20:43  Pylon  
  89  20:45  Pylon  
  89  20:59  Robotics Bay  
  89  21:01  Probe (Chrono Boost)  
  90  21:12  Probe (Chrono Boost)  
  91  21:22  Probe (Chrono Boost)  
  91  21:23  Nexus, Unknown  
  64  21:33  Probe (Chrono Boost)  
  57  21:52  Stalker  
  57  21:53  Stalker x5  
  69  21:55  Colossus  
  75  22:09  Phoenix  
  77  22:34  Unknown  
  77  22:41  Colossus  
  59  22:58  Stalker x5  
  57  22:59  Stalker  
  65  23:10  Extended Thermal Lance  
  65  23:36  Pylon  
  65  23:41  Pylon  
  65  23:42  Stalker x6  
  77  23:53  Pylon  
  77  23:57  Pylon  
  74  24:49  Stalker  
  74  24:50  Stalker x4  
  74  24:51  Stalker  
Show
View Real Time Build Order
Export as new Build Order

Andras Protoss 

Build Orders:  

Get SALT Encoding   

  12  0:02  Probe (Chrono Boost)  
  13  0:12  Probe (Chrono Boost)  
  14  0:18  Pylon  
  14  0:23  Probe (Chrono Boost)  
  15  0:36  Probe (Chrono Boost)  
  15  0:39  Gateway  
  16  0:47  Probe (Chrono Boost)  
  17  0:51  Assimilator  
  17  0:57  Probe (Chrono Boost)  
  18  1:04  Pylon  
  18  1:08  Probe (Chrono Boost)  
  20  1:18  Probe (Chrono Boost), Assimilator  
  20  1:29  Probe (Chrono Boost)  
  21  1:35  Zealot  
  21  1:37  Cybernetics Core  
  23  1:42  Probe (Chrono Boost)  
  24  1:49  Gateway  
  24  1:58  Warp Gate  
  24  2:05  Gateway  
  24  2:13  Forge  
  24  2:25  Pylon  
  24  2:38  Stalker x2  
  28  2:51  Pylon  
  28  2:55  Photon Cannon  
  28  3:10  Photon Cannon  
  28  3:20  Photon Cannon  
  28  3:44  Photon Cannon  
  28  3:49  Protoss Ground Weapons Level 1  
  28  3:55  Nexus, Unknown  
  28  4:22  Probe (Chrono Boost)  
  29  4:28  Twilight Council, Gateway  
  29  4:34  Probe (Chrono Boost)  
  29  4:36  Pylon  
  30  4:48  Stalker  
  30  4:51  Stalker  
  34  5:06  Unknown  
  34  5:09  Pylon  
  34  5:11  Stalker  
  34  5:12  Blink  
  36  5:25  Assimilator  
  36  5:28  Protoss Ground Armor Level 1  
  36  5:32  Stalker  
  38  5:47  Probe (Chrono Boost)  
  39  5:53  Stalker  
  41  5:57  Probe (Chrono Boost)  
  41  6:01  Probe (Chrono Boost)  
  43  6:16  Robotics Facility  
  43  6:22  Stalker  
  43  6:45  Stalker x3  
  49  6:52  Dark Shrine  
  49  7:02  Probe (Chrono Boost)  
  49  7:03  Probe (Chrono Boost)  
  49  7:06  Assimilator  
  51  7:09  Sentry x2  
  51  7:11  Sentry  
  57  7:18  Protoss Ground Weapons Level 2  
  57  7:21  Probe (Chrono Boost)  
  57  7:22  Probe (Chrono Boost)  
  59  7:23  Observer  
  60  7:40  Gateway  
  60  8:08  Dark Templar x3  
  66  8:38  Probe (Chrono Boost)  
  66  8:40  Probe (Chrono Boost)  
  64  8:49  Dark Templar x2  
  64  8:50  Dark Templar  
  70  9:02  Probe (Chrono Boost)  
  72  9:03  Probe (Chrono Boost)  
  72  9:15  Probe (Chrono Boost)  
  73  9:20  Warp Prism  
  75  9:59  Pylon  
  75  10:01  Pylon  
  75  10:06  Robotics Facility  
  75  10:14  Immortal  
  77  10:22  Dark Templar  
  77  10:23  Dark Templar x4  
  85  10:42  Nexus, Unknown  
  85  10:47  Assimilator  
  85  10:51  Assimilator  
  85  11:18  Dark Templar x4  
  83  11:45  Dark Templar  
  84  11:53  Unknown, Dark Templar x3  
  58  12:21  Dark Templar x2  
  29  13:00  Probe (Chrono Boost)  
  26  13:10  Probe (Chrono Boost)  
  27  13:23  Probe (Chrono Boost)  
  28  13:29  Unknown  
  28  13:30  Unknown x5  
  28  13:31  Unknown x3  
  28  13:33  Probe (Chrono Boost)  
  29  13:41  Probe (Chrono Boost)  
  29  13:44  Probe (Chrono Boost)  
  31  13:52  Probe (Chrono Boost)  
  31  13:53  Assimilator  
  31  14:02  Probe (Chrono Boost)  
  31  14:13  Probe (Chrono Boost)  
  32  14:23  Probe (Chrono Boost)  
  33  14:34  Probe (Chrono Boost), Pylon  
  34  14:45  Probe (Chrono Boost)  
  30  15:26  Probe (Chrono Boost)  
  30  15:31  Gateway  
  21  15:56  Probe (Chrono Boost)  
  22  16:06  Probe (Chrono Boost)  
  23  16:17  Probe (Chrono Boost)  
  24  16:27  Probe (Chrono Boost)  
  24  16:29  Pylon  
  19  16:58  Nexus, Unknown  
  19  17:53  Cybernetics Core  
  19  18:09  Unknown  
  19  18:24  Probe (Chrono Boost)  
  18  18:53  Protoss Air Weapons Level 1  
  18  19:00  Stargate  
  19  19:02  Stargate  
  19  19:03  Probe (Chrono Boost)  
  19  19:15  Probe (Chrono Boost)  
  20  19:27  Probe (Chrono Boost)  
  22  19:40  Probe (Chrono Boost)  
  22  19:54  Phoenix x2  
  24  20:18  Phoenix  
  24  20:19  Phoenix  
  26  20:40  Phoenix  
  25  20:44  Phoenix  
  26  21:12  Phoenix  
  26  21:16  Phoenix  
  30  21:34  Phoenix  
  32  21:41  Phoenix  
  32  21:53  Probe (Chrono Boost)  
  33  21:56  Phoenix  
  35  22:05  Probe (Chrono Boost)  
  36  22:14  Phoenix  
  38  22:18  Probe (Chrono Boost)  
  25  23:10  Phoenix  
  15  23:14  Phoenix  
  19  23:32  Phoenix  
  19  23:38  Phoenix  
  23  23:51  Probe (Chrono Boost)  
  23  23:53  Phoenix  
Show
View Real Time Build Order
Export as new Build Order

Juhuu Terran 

Build Orders: MMM Bio 

Get SALT Encoding   

  12  0:10  SCV  
  13  0:22  SCV  
  14  0:32  Supply Depot  
  14  0:35  SCV  
  15  0:54  SCV  
  16  0:57  Barracks  
  16  0:59  Barracks  
  16  1:06  SCV  
  17  1:12  Refinery  
  17  1:18  SCV  
  18  1:28  Supply Depot  
  18  1:30  SCV  
  19  1:39  Refinery  
  19  1:42  SCV  
  20  1:51  Barracks Tech Lab  
  20  1:53  Marine  
  21  1:55  SCV  
  22  2:03  Supply Depot  
  22  2:07  SCV  
  23  2:09  Supply Depot  
  23  2:19  SCV  
  24  2:31  SCV  
  24  2:35  Engineering Bay  
  25  2:43  SCV  
  26  2:44  Barracks Reactor  
  26  2:46  Bunker  
  26  2:54  Bunker  
  26  2:55  SCV  
  27  3:00  Combat Shields  
  27  3:03  Marine  
  27  3:44  Marine x2  
  29  3:49  Command Center, Unknown  
  29  3:55  Marine  
  30  4:18  Concussive Shells, Refinery  
  30  4:19  Terran Infantry Armor Level 1, Refinery  
  30  4:28  Missile Turret  
  30  4:32  Marauder, Marine  
  30  4:35  Marine  
  34  4:51  Missile Turret  
  34  4:53  Marauder  
  34  4:56  SCV  
  37  5:00  Unknown  
  37  5:05  Factory  
  37  5:07  SCV  
  37  5:08  SCV  
  39  5:21  SCV  
  40  5:23  Marauder  
  40  5:24  Marine  
  40  5:26  Marine  
  44  5:42  Marine  
  45  5:45  Marauder  
  47  5:50  Factory  
  47  5:51  SCV  
  48  6:03  SCV  
  49  6:05  SCV  
  50  6:12  Armory  
  50  6:13  Terran Infantry Weapons Level 1  
  50  6:15  SCV  
  50  6:16  Stimpack  
  50  6:17  SCV  
  52  6:19  Marauder  
  52  6:20  Marine  
  52  6:23  Marine  
  56  6:28  SCV  
  57  6:37  Marine  
  57  6:40  SCV, Marauder  
  59  7:05  SCV  
  59  7:08  Factory Tech Lab x2  
  60  7:12  Starport  
  60  7:14  SCV  
  61  7:17  SCV  
  62  7:44  Sensor Tower  
  62  7:49  Starport  
  58  8:06  Supply Depot  
  58  8:07  Supply Depot  
  58  8:10  Supply Depot  
  58  8:11  Supply Depot  
  47  8:28  Siege Tank x2  
  53  8:43  Command Center, Unknown  
  53  9:00  Siege Tank x2  
  59  9:21  Medivac x2  
  63  9:25  Marine  
  63  9:26  Marine  
  65  9:32  Siege Tank x2  
  71  9:43  Marine x2  
  73  9:54  Unknown  
  73  9:58  Supply Depot  
  73  9:59  Supply Depot  
  73  10:00  Supply Depot x2  
  73  10:01  Marine x2  
  73  10:03  SCV  
  76  10:15  SCV  
  76  10:19  Marine x2  
  79  10:32  Barracks  
  79  10:33  Barracks x2  
  79  10:38  Barracks  
  79  10:46  Sensor Tower  
  79  10:54  SCV  
  79  10:55  Refinery x2  
  80  11:06  SCV  
  80  11:18  SCV  
  72  11:30  SCV  
  57  11:42  SCV  
  54  11:56  Marine x6  
  49  12:13  Marine  
  49  12:14  Marine x4  
  52  12:29  Marine  
  53  12:31  Marine x2  
  53  12:32  Marine x3  
  53  12:33  Siege Tank  
  53  12:34  Siege Tank  
  63  12:47  Marine  
  63  12:49  Marine x3  
  63  12:50  Marine x2  
  65  13:05  Marine  
  66  13:07  Marine x4  
  66  13:08  Marine  
  71  13:13  Engineering Bay  
  71  13:23  Marine  
  71  13:25  Marine x5  
  77  13:41  Marine  
  76  13:43  Marine x4  
  77  14:23  Barracks Reactor  
  77  14:24  Barracks Reactor  
  77  14:26  Barracks Reactor  
  77  14:34  Barracks Reactor  
  31  15:00  Siege Tank x2  
  31  15:04  SCV  
  38  15:16  SCV  
  38  15:18  Armory  
  39  15:22  Marine x2  
  39  15:23  Marine x6  
  39  15:24  Marine x2  
  49  15:28  SCV  
  49  15:31  Medivac x2  
  49  15:32  Siege Tank  
  57  15:39  Siege Tank  
  57  15:40  SCV, Marine x3  
  57  15:41  Marine x6  
  57  15:42  Marine  
  71  15:52  SCV  
  72  15:58  Marine x5  
  72  15:59  Marine x5  
  72  16:01  Medivac x2  
  72  16:03  SCV  
  87  16:04  Siege Tank  
  87  16:11  Siege Tank  
  93  16:15  SCV  
  93  16:17  Terran Infantry Armor Level 2  
  94  17:02  Marine x2  
  94  17:24  SCV  
  94  17:25  Marine  
  94  17:26  Marine  
  94  17:27  Marine  
  94  17:28  Marine  
  94  17:29  Medivac, Marine  
  94  17:31  Medivac  
  82  17:39  Marine x5  
  82  17:43  Marine x2  
  81  17:45  Marine x2  
  81  17:47  Marine  
  84  17:56  Marine x2  
  84  17:57  Marine x3  
  89  18:01  Marine x2  
  89  18:02  Marine  
  89  18:03  Marine  
  89  18:04  Marine  
  94  18:25  Orbital Command  
  94  18:32  Supply Depot x2, Terran Infantry Weapons Level 2  
  94  18:35  Supply Depot  
  94  18:38  Supply Depot x2  
  94  18:39  Supply Depot  
  94  18:53  Marine x10  
  104  18:57  Supply Depot  
  104  19:00  Supply Depot  
  104  19:03  Supply Depot  
  104  19:08  Siege Tank x2  
  110  19:11  Medivac x2, Marine x10  
  124  19:29  Marine x10  
  134  19:40  Siege Tank x2  
  140  19:46  Marine x5  
  145  20:12  Siege Tank  
  125  20:58  Viking x2  
  126  21:11  Missile Turret  
  126  21:13  Missile Turret  
  110  21:28  Viking x2  
  68  21:57  Viking  
  68  21:58  Viking  
  72  22:27  Viking  
Tags
 
Add a new tag
Caveats
  • Supply blocks, unpowered buildings, or Contaminate may cause inaccurate times.
  • Supply counts are checked every 10 seconds.